 Dungeon Crawl Stone Soup version 0.22.1 (webtiles) character file.

86 JedernureinKreuz the Grave Robber (level 4, -1/30 HPs)
             Began as a Demonspawn Necromancer on Sept 18, 2018.
             Killed by divine providence
             ... invoked by an orc priest
              (11 damage)
             ... on level 3 of the Dungeon.
             The game lasted 00:10:03 (1885 turns).

JedernureinKreuz the Grave Robber (DsNe)            Turns: 1885, Time: 00:10:04

Health: -1/30      AC:  2    Str:  8    XL:     4   Next: 26%
Magic:  0/7        EV: 13    Int: 17    God:
Gold:   55         SH:  0    Dex: 14    Spells: 6/8 levels left

rFire    . . .     SeeInvis .   b - +0 dagger
rCold    . . .     Gourm    .   (no shield)
rNeg     . . .     Faith    .   a - +0 robe
rPois    .         Spirit   +   (no helmet)
rElec    .         Reflect  .   (no cloak)
rCorr    .         Harm     .   (no gloves)
MR       .....                  (no boots)
Stlth    +.........             (no amulet)
HPRegen  0.10/turn              (no ring)
MPRegen  0.10/turn              (no ring)

@: confused
A: talons 2, magic shield
a: no special abilities


You were on level 3 of the Dungeon.
You were not hungry.

You visited 1 branch of the dungeon, and saw 3 of its levels.

You collected 55 gold pieces.

Inventory:

Hand Weapons
 b - a +0 dagger (weapon)
 g - a +0 short sword
Missiles
 e - 53 arrows
Armour
 a - a +0 robe (worn)
Scrolls
 d - a scroll of remove curse {unknown}
 h - 4 scrolls of identify {unknown}
 i - 3 scrolls of enchant armour {unknown}
 j - a scroll of noise {unknown}
 m - a scroll of magic mapping {unknown}
 n - a scroll of teleportation {unknown}
Potions
 k - 2 potions of curing
 l - a potion of might {unknown}
Comestibles
 c - 6 rations
 f - 4 chunks of flesh


   Skills:
 + Level 0.4 Short Blades
 + Level 0.5 Armour
 + Level 2.4 Dodging
 + Level 2.6 Stealth
 + Level 2.5 Spellcasting
 + Level 4.9 Necromancy


You had 6 spell levels left.
You knew the following spells:

 Your Spells              Type           Power        Failure   Level  Hunger
a - Pain                  Necr           ###.         2%          1    #......
b - Animate Skeleton      Necr           N/A          2%          1    #......

Your spell library contained the following spells:

 Spells                   Type           Power        Failure   Level  Hunger
 Vampiric Draining        Necr           ###.......   8%          3    ###....
 Regeneration             Chrm/Necr      ##........   21%         3    ###....
 Animate Dead             Necr           N/A          24%         4    #####..


Dungeon Overview and Level Annotations

Branches:
Dungeon (3/15)

Altars:


Innate Abilities, Weirdness & Mutations

You have razor-sharp toenails.
When hurt, damage is shared between your health and your magic reserves.


Message History

The orc hits your orc skeleton. The orc wizard closely misses you.
The orc priest miscasts a cantrip.
You barely miss the orc wizard. Your kick misses the orc wizard.
The orc hits your orc skeleton.
Your orc skeleton is destroyed!
The orc priest mumbles some strange prayers to Beogh against you.
Beogh smites you!
You hit the orc wizard but do no damage.
The orc wizard hits you with a dagger.
You barely miss the orc wizard.
The orc wizard gestures at you while chanting.
The magic dart hits you!
* * * LOW HITPOINT WARNING * * *
The orc wizard points at you and mumbles some strange words.
You are confused.
You bump into the rock wall.
You're too confused to move!
The orc closely misses you.
The orc priest invokes the aid of Beogh against you.
Beogh smites you!
You die...

............................
.##############.####.###.#.
.# #.##.......# .#
#.##.#.##### .# #.##.#....<#
.# #.##.####### .# # #.##.#
.# #.##.##.# .# #...o@..# .#
##.####o###### .#
.......o.....# .#
##.#+####o####.# .#
#.....o%.o# .. #.....o#o.#
### .....o.#..# $?.....#..#
$......#..#


You could see an orc priest, an orc wizard and 4 orcs.

Vanquished Creatures
  4 adders (D:2)
  An ooze (D:2)
  A worm (D:2)
  2 dart slugs
  A leopard gecko (D:2)
  2 orcs (D:3)
  2 ball pythons
  3 giant cockroaches
  4 goblins
  5 hobgoblins
  2 kobolds
  4 bats
  2 frilled lizards (D:1)
  6 rats
39 creatures vanquished.

Vanquished Creatures (collateral kills)
  2 goblins
  A bat (D:2)
3 creatures vanquished.

Grand Total: 42 creatures vanquished

Notes
Turn   | Place    | Note
-------+----------+-------------------------------------------
     0 | D:1      | JedernureinKreuz the Demonspawn Necromancer began the quest
                  | for the Orb.
     0 | D:1      | Reached XP level 1. HP: 13/13 MP: 3/3
    48 | D:1      | Learned a level 1 spell: Animate Skeleton
   226 | D:1      | Gained mutation: You have sharp toenails. [demonic
                  | ancestry]
   226 | D:1      | Reached XP level 2. HP: 8/19 MP: 5/5
   939 | D:2      | Gained mutation: You have razor-sharp toenails. [demonic
                  | ancestry]
   939 | D:2      | Reached XP level 3. HP: 18/24 MP: 1/6
  1734 | D:2      | Gained mutation: When hurt, damage is shared between your
                  | health and your magic reserves. [demonic ancestry]
  1734 | D:2      | Reached XP level 4. HP: 25/30 MP: 4/7
  1885 | D:3      | Killed from afar by an orc priest

Skill      XL: |  1 |
---------------+----+-----
Stealth        | 2 |  2.6
Dodging        | 2 |  2.4
Short Blades   | |  0.4
Armour         | |  0.5
Spellcasting   | |  2.5
Necromancy     | |  4.9

Action                   |  1- 3 |  4- 6 || total
-------------------------+-------+-------++-------
Melee: Dagger            |    99 |    11 ||   110
       Kick              |    18 |     2 ||    20
 Cast: Pain              |    24 |    15 ||    39
       Animate Skeleton  |    11 |     1 ||    12
  Use: Potion            |     1 |       ||     1
 Stab: Distracted        |     1 |       ||     1
       Sleeping          |     1 |       ||     1
  Eat: Chunk             |     3 |     1 ||     4
Armor: Robe              |    26 |     2 ||    28
Dodge: Dodged            |    65 |    11 ||    76
